 Dungeon Crawl Stone Soup version 0.27.1 (console) character file.

Game seed: 4190167675957048746

179 Banquo the Cutter (level 5, -4/40 HPs)
             Began as a Djinni Gladiator on Sept 1, 2021.
             Slain by a water moccasin (7 damage)
             ... on level 3 of the Dungeon on Sept 2, 2021.
             The game lasted 00:10:37 (3929 turns).

Banquo the Cutter (Djinni Gladiator)                Turns: 3929, Time: 00:10:38

Health: -4/40      AC:  4    Str: 13    XL:     5   Next: 90%
Gold:   97         EV: 12    Int: 11    God:
                   SH:  0    Dex: 14

rFire    + + .     SeeInvis .   a - +0 rapier
rCold    x . .     Faith    .   (no shield)
rNeg     . . .     Spirit   .   b - +0 leather armour
rPois    ∞         Reflect  .   c - +0 helmet
rElec    .         Harm     .   (no cloak)
rCorr    .         Rampage  .   (no gloves)
Will     .....                  (boots unavailable)
Stlth    +.........             (no amulet)
HPRegen  0.13/turn              (no ring)
MPRegen  0.00/turn              (no ring)

@: flying
A: sickness immunity, fire resistance 2, cold vulnerability 1, float, innate
caster, hp casting, extra vitality 1
a: no special abilities


You were on level 3 of the Dungeon.
You visited 1 branch of the dungeon, and saw 4 of its levels.

You collected 97 gold pieces.

Inventory:

Hand Weapons
 a - a +0 rapier (weapon)
 m - a +2 vorpal hand axe
Missiles
 d - 3 throwing nets (quivered)
 g - 138 stones
 o - 13 poisoned darts
Armour
 b - a +0 leather armour (worn)
 c - a +0 helmet (worn)
Wands
 l - a wand of acid (8)
Scrolls
 i - a scroll of immolation {unknown}
 j - a scroll of vulnerability {unknown}
 k - a scroll of magic mapping {unknown}
 n - a scroll of fear {unknown}
 p - a scroll of enchant weapon {unknown}
 q - a scroll of noise {unknown}
 s - a scroll of teleportation {unknown}
Potions
 e - a potion of degeneration {unknown}
 f - 2 potions of curing {unknown}
 h - 2 potions of lignification {unknown}
 r - a potion of heal wounds {unknown}


   Skills:
 * Level 3.0 Fighting
 + Level 4.5 Short Blades
 - Level 1.5 Throwing
 - Level 3.2 Dodging
 * Level 1.6 Spellcasting


You had 4 spell levels left.
You knew the following spells:

 Your Spells              Type           Power      Damage    Failure   Level
a - Magic Dart            Conj           16%        1d3       21%         1
B - Blink                 Tloc           N/A        N/A       30%         2
Your spell library was empty.

Dungeon Overview and Level Annotations

Branches:
Dungeon (4/15)
 Temple: D:4-7

Altars:


Innate Abilities, Weirdness & Mutations

You are immune to sickness and miasma.
You are immune to poison.
Your flesh is very heat resistant. (rF++)
You are vulnerable to cold. (rC-)
You float through the air rather than walking.
You learn spells naturally, not from books.
Your magical power is your life essence.
You have superior vitality. (+4 HP)


Message History

You barely miss the water moccasin.
The water moccasin is lightly wounded.
The water moccasin bites you.
You hit the water moccasin but do no damage.
The water moccasin is lightly wounded.
The water moccasin closely misses you.
You closely miss the water moccasin.
The water moccasin is lightly wounded.
The water moccasin bites you.
* * * LOW HITPOINT WARNING * * *
The water moccasin bites you.
* * * LOW HITPOINT WARNING * * *
You hit the water moccasin but do no damage.
The water moccasin is lightly wounded.
The water moccasin closely misses you.
You barely miss the water moccasin.
The water moccasin is lightly wounded.
The water moccasin barely misses you.
Aiming: Corrosive Bolt
Press: ? - help, Shift-Dir - straight line, f - orc
Aim: an orc, wielding a +0 dagger (almost dead, 71% to hit)
The bolt of acid hits the water moccasin!
The water moccasin is splashed with acid.
The acid corrodes the water moccasin!
The water moccasin is severely wounded.
The bolt of acid hits the orc!
The orc is splashed with acid.
The acid corrodes the orc!
You kill the orc!
The water moccasin bites you.
* * * LOW HITPOINT WARNING * * *
The water moccasin barely misses you. The water moccasin closely misses you.
Press: ? - help, v - describe, . - travel
Here: a water moccasin (severely wounded, covered in acid)
The floor.
Unknown command.
You barely miss the water moccasin.
The water moccasin is severely wounded.
The water moccasin bites you!
You die...

....#.....# #.#
##)...###.########.##
)...#...............#
##.######...........#
##.#########........#
.......# ##.......#
.......# ##......#
.......#######......#
.............#..@...#
#####........#...S..#
.............#......#
..#..###########..#.#####
....## #....>....# ..###
#.........# ..#
#.........# ..#
#.........# ..#
#.........#


You could see a water moccasin (corroded).

Vanquished Creatures
  A bullfrog skeleton (D:3)
  An orc wizard (D:3)
  5 adders
  3 dart slugs
  8 orcs
  3 bats
  5 endoplasms
  3 giant cockroaches
  5 hobgoblins
  8 jackals (D:1)
  7 ball pythons
  3 frilled lizards
  3 goblins
  8 kobolds
  4 rats
67 creatures vanquished.

Notes
Turn   | Place    | Note
-------+----------+-------------------------------------------
     0 | D:1      | Banquo the Djinni Gladiator began the quest for the Orb.
     0 | D:1      | Reached XP level 1. HP: 18/18 MP: 0/0
   208 | D:1      | Reached skill level 3 in Short Blades
   208 | D:1      | Reached XP level 2. HP: 23/23 MP: 0/0
   305 | D:1      | Found a faded altar of an unknown god.
   327 | D:1      | Reached XP level 3. HP: 28/28 MP: 0/0
   327 | D:1      | Learned a level 1 spell: Magic Dart
  1342 | D:2      | Reached XP level 4. HP: 20/34 MP: 0/0
  1796 | D:2      | Reached skill level 4 in Short Blades
  2235 | D:3      | Reached skill level 1 in Spellcasting
  2235 | D:3      | Reached XP level 5. HP: 29/39 MP: 0/0
  2235 | D:3      | Learned a level 2 spell: Blink
  3904 | D:4      | Noticed a water moccasin
  3929 | D:3      | Slain by a water moccasin

Illustrated notes

Levels and vault maps discovered:
D:1:      minmay_arrival_plants_in_alcoves, layout_basic,
          dreamdust_ecumenical_altar_statues, serial_forest,
          infiniplex_forest_straight_2, infiniplex_forest_corner_1,
          infiniplex_forest_clump_small, infiniplex_forest_lined_corner,
          infiniplex_forest_lined_3, infiniplex_forest_lined_corner,
          infiniplex_forest_straight_4, minmay_misc_feat_chi, fountainhead
D:2:      layout_basic
D:3:      layout_rooms, patterned_corridor
D:4:      layout_layer_cave, uniq_edmund, uniq_blork_the_orc

Skill      XL: |  1  2  3  4  5 |
---------------+----------------+-----
Short Blades   | 3 4 |  4.5
Spellcasting   | 1 |  1.6
Fighting       | 3 |  3.0
Throwing       | |  1.5
Dodging        | |  3.2

Action                   |  1- 3 |  4- 6 || total
-------------------------+-------+-------++-------
Melee: Rapier            |    92 |   115 ||   207
 Cast: Magic Dart        |     8 |    57 ||    65
       Blink             |       |     2 ||     2
Evoke: Wand              |       |     1 ||     1
Armor: Leather armour    |    27 |    19 ||    46
Dodge: Dodged            |    59 |    68 ||   127
